[Event "*** Titled Tuesday Blitz"]
[Site "Chess.com"]
[Date "2021.04.06"]
[Round "8"]
[White "Bulldog167"]
[Black "FairChess_on_YouTube"]
[Result "0-1"]
[WhiteElo "2794"]
[BlackElo "3005"]
[TimeControl "180+1"]
[EndTime "11:30:07 PDT"]
[Termination "FairChess_on_YouTube won on time"]

1. c4 e5 2. Nc3 Nc6 3. Nf3 g6 4. g3 Bg7 5. Bg2 Nge7 6. O-O O-O 7. d3 d6 8. Rb1 f5 9. Ne1 h6 10. Nd5 Nxd5 11. cxd5 Ne7 12. Qc2 b6 13. Bd2 Bb7 14. Qc4 Kh7 15. Rc1 Rc8 16. Nc2 Qe8 17. Nb4 a5 18.
Nc6 Bxc6 19. dxc6 Rd8 20. b4 axb4 21. Bxb4 Ra8 22. Qb5 Rxa2 23. Ra1 Rxe2 24. Ra7 Qd8 25. Bc3 f4 26. Be4 d5 27. Bf3 Rc2 28. Bb4 Nxc6 29. Bxf8 Nxa7 30. Qa4 Bxf8 31. Qxc2 Nb5 32. Qc6 Nd4 33.
Qxd5 Qxd5 34. Bxd5 Kg7 35. gxf4 Ne2+ 36. Kh1 Nxf4 37.
Be4 Bc5 38. Ra1 Kf6 39. Ra7 Bd6 40. Kg1 b5 41. Rb7 b4 42. Kf1 Ne6 43. Rb8 Nd4 44.
Ke1 b3 45. Kd1 Ba3 46. Bd5 b2 47. Ba2 c5 48. Kd2 Bb4+ 49. Ke3 Kf5 50. Rf8+ Kg4 51. Rg8 Kh3 0-1

[Event "*** Titled Tuesday Blitz"]
[Site "Chess.com"]
[Date "2021.04.06"]
[Round "8"]
[White "ChainsOfFantasia"]
[Black "Chessmasterzt"]
[Result "0-1"]
[WhiteElo "2417"]
[BlackElo "2599"]
[TimeControl "180+1"]
[EndTime "11:30:07 PDT"]
[Termination "Chessmasterzt won by checkmate"]

1. d4 Nf6 2. Nf3 d6 3. c4 g6 4. Nc3 Bg7 5. e4 O-O 6. Be2 Bg4 7. O-O Nfd7 8. Ne1 Bxe2 9. Nxe2 c5 10. d5 b5 11.
cxb5 a6 12. bxa6 Qa5 13. Bd2 Qxa6 14. Bc3 Nf6 15. Qc2 Nbd7 16. Nf3 Qa4 17. Qxa4 Rxa4 18.
b3 Rxe4 19. Ng3 Rf4 20. Bd2 Rxf3 21. gxf3 Nxd5 22. Rad1 Ra8 23. a4 f5 24. Ne2 Kf7 25. Nf4 Nc3 26. Rc1 Na2 27. Rc2 Nb4 28.
Bxb4 cxb4 29. Rc7 Nc5 30. Re1 Bf6 31. Nd5 Nxb3 32. Nxe7 Bxe7 33. Rexe7+ Kf6 34. Rf7+ Ke5 35. Rb7 Rxa4 36. Rxh7 Nd4 37. Kg2 b3 38. h4 Ra5 39.
Rhg7 Nb5 40. Rge7+ Kd4 41. Re3 Kc4 42. Rb8 b2 43.
Rc8+ Kb4 44. Re1 Ra1 45. Re2 b1=Q 46. Rce8 Qg1+ 47. Kh3 Qh1+ 48. Kg3 f4+ 49. Kxf4 Qxh4+ 50. Ke3 Ra3+ 51. Kd2 Qd4+ 52. Ke1 Ra1# 0-1

[Event "*** Titled Tuesday Blitz"]
[Site "Chess.com"]
[Date "2021.04.06"]
[Round "8"]
[White "mac0504"]
[Black "Camels1981"]
[Result "1/2-1/2"]
[WhiteElo "2522"]
[BlackElo "2386"]
[TimeControl "180+1"]
[EndTime "11:30:07 PDT"]
[Termination "Game drawn by stalemate"]

1. e4 c5 2. Nf3 e6 3. d4 cxd4 4.
Nxd4 Nc6 5. Nc3 Qc7 6. Qd3 Nf6 7. Ndb5 Qb8 8. Qg3 d6 9. Be3 a6 10. Nd4 Ne5 11. Be2 b5 12. f4 Nc4 13. Bxc4 bxc4 14. O-O-O Bb7 15. e5 Ne4 16. Nxe4 Bxe4 17. exd6 c3 18.
Nb3 cxb2+ 19. Kxb2 Bxd6 20. Qxg7 Rf8 21. Qd4 Bd5 22. c4 a5 23. cxd5 a4 24. dxe6 axb3 25.
axb3 Ba3+ 26. Kc2 Qc7+ 27. Kb1 fxe6 28. Qe4 Ra6 29. Rd4 Qc3 30. Qc2 Qxe3 31. Rhd1 Be7 32. Qc8+ Kf7 33. Qxa6 Qxb3+ 34. Ka1 Bf6 35. Qa7+ Kg6 36.
Qa2 Qc3+ 37. Qb2 Ra8+ 38. Kb1 Qxb2+ 39. Kxb2 Ra4 40. Kc3 Rxd4 41. Rxd4 Kf5 42. Kd3 Bxd4 43. Kxd4 Kxf4 44. g3+ Kf5 45. Ke3 e5 46. h3 h5 47.
Kf3 e4+ 48. Ke3 Ke5 49. g4 h4 50. g5 Kf5 51. g6 Kxg6 52. Kxe4 Kh5 53. Kf5 Kh6 54.
Kg4 Kh7 55. Kxh4 Kh8 56. Kg5 Kg8 57. h4 Kh8 58. h5 Kg8 59. h6 Kh8 60. Kg6 Kg8 61. h7+ Kh8 62. Kh6 1/2-1/2

[Event "*** Titled Tuesday Blitz"]
[Site "Chess.com"]
[Date "2021.04.06"]
[Round "8"]
[White "Guzman70"]
[Black "Slovak_fighter2000"]
[Result "1/2-1/2"]
[WhiteElo "2357"]
[BlackElo "2483"]
[TimeControl "180+1"]
[EndTime "11:30:11 PDT"]
[Termination "Game drawn - insufficient material"]

1. d4 Nf6 2. Bf4 d5 3. e3 c5 4. Nf3 Nc6 5. dxc5 e6 6. c3 Bxc5 7. b4 Bd6 8. Bg5 O-O 9. Bd3 h6 10. Bh4 e5 11. Bc2 b6 12. O-O Bb7 13. Nbd2 Be7 14. e4 dxe4 15. Nxe4 Nxe4 16. Qxd8 Rfxd8 17. Bxe4 Bxh4 18. Nxh4 g6 19. Rfd1 Kg7 20. Nf3 f6 21. Kf1 Rxd1+ 22. Rxd1 Rd8 23. Rxd8 Nxd8 24. Bxb7 Nxb7 25.
Nd2 Kf7 26. Ke2 Ke6 27. Kd3 f5 28. f3 Kd5 29. c4+ Kc6 30. Nb3 a5 31. a3 axb4 32.
axb4 Nd6 33. Nd2 h5 34. h4 Ne8 35. b5+ Kd6 36. Kc3 Nc7 37. Nb3 Ne6 38. Kb4 Nf4 39. c5+ bxc5+ 40. Nxc5 Nxg2 41. Ka5 Ne3 42. Nb7+ Kc7 43.
Ka6 Nd5 44. Nc5 Kd6 45. Nb7+ Ke7 46. Nc5 Kd6 47. Nb7+ Kc7 48. Nc5 Kb8 49. Nd7+ Kc7 50. Nxe5 Nb4+ 51. Ka5 Nd5 52. Nxg6 Kd6 53. b6 Kc6 54. Ka6 Nxb6 55. Ne7+ Kc7 56. Nxf5 Nc4 57. Ng7 Ne5 58. Nxh5 Nxf3 59. Nf6 Nxh4 1/2-1/2

[Event "*** Titled Tuesday Blitz"]
[Site "Chess.com"]
[Date "2021.04.06"]
[Round "8"]
[White "DarZay"]
[Black "SaqoChess_Twitch"]
[Result "1-0"]
[WhiteElo "2229"]
[BlackElo "2443"]
[TimeControl "180+1"]
[EndTime "11:30:14 PDT"]
[Termination "DarZay won by checkmate"]

1. e4 c5 2. Nf3 d6 3. d4 cxd4 4. Nxd4 Nf6 5. Nc3 a6 6. f3 e6 7.
Be3 Be7 8. Qd2 h5 9. O-O-O b5 10. a3 Bb7 11. Kb1 Nbd7 12. g3 Rc8 13. Bg2 Ne5 14. f4 Nc4 15. Qd3 Nxe3 16. Qxe3 Ng4 17. Qe2 Rxc3 18. bxc3 Qa5 19. e5 Bxg2 20. Qxg2 O-O 21.
Nc6 Qc7 22. Nxe7+ Qxe7 23. Rxd6 Ne3 24. Qe4 Nc4 25. Rhd1 Nxa3+ 26. Ka2 Nc4 27. Qc6 Nxd6 28. exd6 Qa7 29. d7 Rd8 30. Rd6 Qf2 31. Kb3 Kf8 32. Rd4 Qf1 33. Kb2 b4 34. Qd6+ Kg8 35. Qxb4 Qg2 36.
Qb6 Qa8 37. c4 Kf8 38. c5 Ke7 39. Qd6+ Kf6 40. Qe5+ Ke7 41. Qxg7 Rb8+ 42. Kc3 Qf3+ 43. Rd3 Qc6 44. Qg5+ f6 45. d8=Q+ Rxd8 46. Qg7+ Ke8 47. Qg8+ Ke7 48. Qxd8+ Kf7 49. Rd7+ Kg6 50. Qg8+ Kf5 51. Qh7+ Kg4 52. Rg7+ Kf3 53. Qxh5+ Kg2 54. Qe2+ Kg1 55. Rg4 Qxc5+ 56. Kd2 Qd4+ 57. Qd3 Qb4+ 58. c3 Qb2+ 59. Qc2 Qb6 60. Qd1+ Kg2 61. Qe2+ Kh1 62. Qf1+ Kxh2 63. Rh4+ Kxg3 64. Rh3+ Kg4 65. Qf3+ Kf5 66. Rh5+ Kg6 67.
Qg4+ Kf7 68. Rh7+ Kf8 69. Qg7+ Ke8 70. Qe7# 1-0

[Event "*** Titled Tuesday Blitz"]
[Site "Chess.com"]
[Date "2021.04.06"]
[Round "8"]
[White "retropwr"]
[Black "Make_it_shine060"]
[Result "1-0"]
[WhiteElo "2406"]
[BlackElo "2201"]
[TimeControl "180+1"]
[EndTime "11:30:16 PDT"]
[Termination "retropwr won on time"]

1. c4 Nf6 2. Nf3 g6 3. d4 Bg7 4. Nc3 d5 5. cxd5 Nxd5 6. e4 Nxc3 7. bxc3 c5 8. Be3 O-O 9. Be2 Qa5 10. Qd2 Nc6 11.
Rd1 Rd8 12. e5 Bg4 13. O-O Bxf3 14. Bxf3 Bxe5 15. Bxc6 bxc6 16. Qc2 cxd4 17. cxd4 Bg7 18. Qxc6 Qxa2 19. d5 Rac8 20. Qb7 a5 21. Qxe7 Rxd5 22. Qb7 Rcd8 23. Rxd5 Qxd5 24. Qa7 Ra8 25. Qc5 Qxc5 26. Bxc5 a4 27. Ba3 Rb8 28. Rc1 Bd4 29. g3 Rb3 30. Rc8+ Kg7 31. Bf8+ Kf6 32. Ra8 Rb1+ 33. Kg2 Ra1 34.
Ra6+ Kf5 35. f3 Ra2+ 36. Kh3 Bg1 37. g4+ Kf4 38. Rf6+ Ke5 39. Rxf7 Rxh2+ 40. Kg3 Ra2 41. Re7+ Kf6 42. Rxh7 a3 43. Rb7 Bf2+ 44. Kf4 g5+ 45. Ke4 Re2+ 46. Kd3 Re3+ 47. Kd2 Rxf3 48.
Bg7+ Kg6 49. Be5 a2 50. Rc7 a1=Q 51. Bxa1 Be3+ 52. Ke2 Bf4 53. Rc6+ Kf7 54. Kxf3 1-0

[Event "*** Titled Tuesday Blitz"]
[Site "Chess.com"]
[Date "2021.04.06"]
[Round "8"]
[White "Matols"]
[Black "JQuiroga18"]
[Result "1-0"]
[WhiteElo "2320"]
[BlackElo "2413"]
[TimeControl "180+1"]
[EndTime "11:30:17 PDT"]
[Termination "Matols won by resignation"]

1. d4 Nf6 2. c4 c5 3. d5 e6 4. Nc3 exd5 5. cxd5 d6 6. e4 g6 7. h3 Bg7 8. Nf3 O-O 9. Bd3 b5 10. Nxb5 Re8 11. O-O Nxe4 12. Re1 a6 13. Nc3 Nxc3 14. Rxe8+ Qxe8 15. bxc3 Bxc3 16. Rb1 Nd7 17. Bh6 Ne5 18. Bc2 Nxf3+ 19. Qxf3 Bd7 20. Qxc3 Qe5 21. Qxe5 dxe5 22. Rb7 Bb5 23. d6 Rd8 24. d7 f6 25. Bb3+ c4 26. Bc2 Rxd7 27. Rxd7 Bxd7 28. Be3 Kf7 29. Kf1 Ke6 30.
Ke2 Kd5 31. Kd2 f5 32. Kc3 f4 33. Bb6 e4 34. Bc7 g5 35. Bd8 h6 36. Bf6 f3 37. gxf3 exf3 38. h4 gxh4 39. Bxh4 h5 40. Bg3 Be6 41. Bd1 Ke4 42. Ba4 Kf5 43. Bc6 Kg4 44. Kd4 h4 45. Bd6 c3 46. Kxc3 Bxa2 47. Kd4 Be6 48. Ke3 a5 49. Bxf3+ Kf5 50. Bc6 h3 51. Bc7 Bc8 52. Bxa5 h2 53. Bc7 Be6 54. Bxh2 Bc4 55. Be4+ Kf6 56. Kf4 Be6 57. f3 Bf7 58.
Bg3 Be6 59. Bh4+ Kf7 60. Ke5 Bb3 61. f4 Ba4 62. Bd5+ Kf8 63. f5 Bb5 64. Kf6 Ba4 65.
Bg5 Bb5 66. Bh6+ Ke8 67. Kg7 Be2 68. f6 Bh5 69. f7+ Bxf7 70. Bxf7+ Ke7 71. Bg5+ 1-0

[Event "*** Titled Tuesday Blitz"]
[Site "Chess.com"]
[Date "2021.04.06"]
[Round "8"]
[White "Sibelephant"]
[Black "Angry_Twin"]
[Result "1-0"]
[WhiteElo "3122"]
[BlackElo "2896"]
[TimeControl "180+1"]
[EndTime "11:30:18 PDT"]
[Termination "Sibelephant won on time"]

1. Nf3 d5 2. e3 Nf6 3. c4 e6 4. Nc3 b6 5. b3 Bb7 6. Bb2 Bd6 7. cxd5 exd5 8. Nb5 Be7 9. Be5 Na6 10. Nbd4 Nc5 11. Bb5+ Kf8 12. O-O a6 13. Bc6 Bxc6 14. Nxc6 Qd7 15. Nxe7 Qxe7 16. Rc1 Ne8 17. Qc2 f6 18.
Bg3 Qd7 19. Nd4 a5 20. a3 Rc8 21. b4 axb4 22. axb4 Ne6 23. Qf5 Ke7 24. Nc6+ Kf8 25. b5 g6 26. Qf3 Kg7 27. d4 Ng5 28. Qe2 Ne4 29. Bf4 g5 30. f3 N4d6 31. Bg3 h5 32. e4 h4 33. Bxd6 Nxd6 34. e5 Nc4 35. f4 fxe5 36. Nxe5 Qe7 37. Qd3 Nxe5 38. dxe5 Rh6 39.
Rce1 gxf4 40. Rxf4 Rg6 41. e6 Qg5 42. Rf7+ Kh6 43. Qf3 Rcg8 44. Re2 Qc1+ 45. Qf1 Qxf1+ 46. Kxf1 Re8 47. Rxc7 Kg5 48. Rc6 d4 49. Rxb6 d3 50. Rd2 Rf6+ 51. Ke1 Rexe6+ 52. Rxe6 Rxe6+ 53. Kd1 Rb6 54. Rb2 h3 55. gxh3 Kh4 56. Kd2 1-0

[Event "*** Titled Tuesday Blitz"]
[Site "Chess.com"]
[Date "2021.04.06"]
[Round "8"]
[White "nrvisakh"]
[Black "TheCount"]
[Result "1-0"]
[WhiteElo "2779"]
[BlackElo "2607"]
[TimeControl "180+1"]
[EndTime "11:30:18 PDT"]
[Termination "nrvisakh won on time"]

1. e4 c5 2. Nf3 Nc6 3. d4 cxd4 4. Nxd4 Qb6 5. Nb3 Nf6 6. Nc3 e6 7. Be3 Qc7 8. Bd3 a6 9. O-O d6 10. f4 Be7 11. Qf3 O-O 12. Rae1 Nd7 13. Qh3 Nb4 14. Kh1 b5 15. f5 Ne5 16. Bf4 Bf6 17. Rd1 Nbxd3 18. cxd3 b4 19. Ne2 exf5 20. exf5 Bb7 21. Ng3 g6 22. Bh6 Bg7 23. f6 Bh8 24. Bxf8 Rxf8 25.
Ne4 Qc2 26. Rd2 Qc6 27. Qh6 Ng4 28. Qf4 h5 29. Qxd6 Qb5 30. h3 Ne3 31. Rc1 Bxe4 32. Qxf8+ Kxf8 33. Rc8+ Qe8 34. Rxe8+ Kxe8 35. dxe4 Bxf6 36.
Nc5 Nc4 37. Rc2 Nxb2 38. Nxa6 Nd3 39. Nc7+ Kd7 40. Nd5 Be5 41. Rd2 Nc5 42. Nxb4+ Ke6 43.
Nd3 Nxe4 44. Rc2 Bd4 45. a4 Kd5 46. g4 hxg4 47. hxg4 f5 48. a5 fxg4 49. a6 g3 50. Nb4+ Ke5 51. Nc6+ Kd5 52. Nxd4 Kxd4 53. a7 Nf2+ 54.
Kg2 1-0

[Event "*** Titled Tuesday Blitz"]
[Site "Chess.com"]
[Date "2021.04.06"]
[Round "8"]
[White "jefferyx"]
[Black "Firouzja2003"]
[Result "0-1"]
[WhiteElo "2979"]
[BlackElo "3144"]
[TimeControl "180+1"]
[EndTime "11:30:20 PDT"]
[Termination "Firouzja2003 won by resignation"]

1. d4 Nf6 2. Nf3 b6 3. Bf4 Bb7 4. e3 g6 5. Nbd2 Bg7 6. Bd3 O-O 7. O-O d6 8. h3 Nbd7 9. Bh2 Re8 10. e4 e5 11.
dxe5 dxe5 12. Qe2 Nh5 13. Ba6 Bxa6 14. Qxa6 Nc5 15. Qc4 a5 16. Nb3 Nb7 17. Rfd1 Nd6 18. Qc6 a4 19. Nbd2 Ra5 20. b4 axb3 21. Nxb3 Ra7 22. c4 Qa8 23. Qxa8 Raxa8 24. Nfd2 Nf4 25. c5 bxc5 26. Nxc5 Ne2+ 27. Kf1 Nc3 28. Rdc1 Nxa2 29. Rc2 Nb4 30. Rxa8 Rxa8 31. Rb2 Nc6 32. Ncb3 Nb5 33. f3 Bf8 34. Bg1 f6 35. Be3 Kf7 36. Rc2 Nb4 37. Rc4 Bd6 38. Bc5 Nd3 39. Bxd6 cxd6 40. g3 Ke6 41. Ke2 Nb2 42. Rc2 Na4 43. Kd3 f5 44. h4 Nb6 45. Rc6 Nd7 46. Kc4 Rb8 47. g4 fxg4 48. fxg4 Nf6 49. Nc5+ Ke7 50. g5 Ne8 51. Na6 Rb7 52. Nb4 Kd7 53. Ra6 Nec7 54. Ra5 Nd4 55. Ra2 Rb5 56. Nd3 Rb6 57. Nb4 Rb7 58.
Nd5 Nxd5 59. exd5 Nf5 60. Ne4 Ne3+ 61. Kd3 Nxd5 62. Ke2 Ke6 63. Ra6 Rb6 64. Ra7 Rb2+ 65. Ke1 Rb4 0-1

[Event "*** Titled Tuesday Blitz"]
[Site "Chess.com"]
[Date "2021.04.06"]
[Round "8"]
[White "CrushingKings"]
[Black "Niktlt"]
[Result "1-0"]
[WhiteElo "2483"]
[BlackElo "2565"]
[TimeControl "180+1"]
[EndTime "11:30:21 PDT"]
[Termination "CrushingKings won by resignation"]

1. e4 e6 2. d4 d5 3. Nc3 Bb4 4. exd5 exd5 5. Bd3 Nf6 6. a3 Be7 7. Qf3 Bg4 8. Qg3 O-O 9. Nge2 Re8 10. O-O Bh5 11. Bf4 c6 12. Rae1 Nbd7 13. Qh3 Nf8 14. Ng3 Bg6 15. Nf5 Bxf5 16. Qxf5 Qb6 17. Bg5 Qxd4 18.
h3 Ng6 19. Re3 Bc5 20. Rfe1 Bb6 21. Bxf6 Rxe3 22. Bxd4 Rxe1+ 23. Kh2 Bxd4 24. Ne2 Be5+ 25. g3 Re8 26. Kg2 Bf6 27. Nc3 h6 28. Qd7 R8e7 29. Qc8+ Kh7 30. Qb8 b6 31. h4 h5 32. Qc8 R1e6 33.
Qb8 Re5 34. Nd1 d4 35. Qc8 c5 36. Qa8 Re1 37. Qf3 R7e5 38. b3 Kg8 39. Nb2 Re8 40. Nc4 Ne5 41. Qxh5 Nxd3 42. cxd3 R1e2 43. Nd6 R8e6 44. Qxf7+ Kh7 45. Qh5+ Kg8 46. Ne4 Ra2 47.
Qd5 Kf7 48. Nd6+ Ke7 49. Nf5+ Kf7 50. Qd7+ Be7 51. Nxg7 Rf6 52. Nf5 Re2 53. g4 Re5 54. f4 Re1 55. g5 Rfe6 56. Nh6+ Kg6 57. f5+ Kh5 58. fxe6 Re2+ 59. Kf1 Re3 60. Qxe7 Rf3+ 61. Ke2 Re3+ 62. Kd2 Rf3 63. Qf7+ Rxf7 64. exf7 Kxh4 65. f8=Q Kg3 66. Qf5 c4 67. g6 c3+ 68. Kc2 1-0

[Event "*** Titled Tuesday Blitz"]
[Site "Chess.com"]
[Date "2021.04.06"]
[Round "8"]
[White "superchess02"]
[Black "suyu28"]
[Result "1/2-1/2"]
[WhiteElo "2822"]
[BlackElo "2636"]
[TimeControl "180+1"]
[EndTime "11:30:22 PDT"]
[Termination "Game drawn by agreement"]

1. f4 d5 2. Nf3 Nf6 3. e3 g6 4.
d4 Bg7 5. Bd3 c5 6. O-O Nc6 7.
c3 Bf5 8. b3 Qc7 9. Bb2 O-O 10.
Qe2 cxd4 11. exd4 Bxd3 12. Qxd3 Qxf4 13. Nbd2 Ne4 14. Rae1 f5 15. c4 Nb4 16. Qe2 e6 17.
Ba3 a5 18. Kh1 Qc7 19. Bxb4 axb4 20. cxd5 exd5 21. Qb5 Qc6 22. Qxb4 Rxa2 23. Rc1 Qd7 24. Kg1 Re8 25. Nb1 Raa8 26. Nc3 Rac8 27. Na4 Rxc1 28. Rxc1 Qf7 29. Qb6 g5 30. Rc7 Qf8 31. Qxb7 g4 32. Qxd5+ Kh8 33. Rf7 Qb4 34. Qd7 Rg8 35. Qxf5 Qxb3 36.
Qxe4 gxf3 37. Nc5 Qd1+ 38. Kf2 Qxd4+ 39. Qxd4 Bxd4+ 40. Kxf3 Bxc5 41. g4 Bf8 42. h4 Bg7 43. g5 Rc8 44. h5 Kg8 45. Rb7 Rc5 46. Rb8+ Bf8 47. Kg4 Kf7 48. Rb7+ Kg8 49. g6 h6 50. Rb8 Rg5+ 51. Kh4 Re5 52. Ra8 Kg7 53. Kg4 Rg5+ 54. Kh4 Be7 55. Ra7 Re5+ 56. Kg4 Kf6 57. Ra6+ Re6 58.
Rxe6+ Kxe6 59. Kh3 Kf6 60. Kg2 Kg7 61. Kh1 Bf6 62. Kg2 Be7 63. Kh1 1/2-1/2

[Event "*** Titled Tuesday Blitz"]
[Site "Chess.com"]
[Date "2021.04.06"]
[Round "8"]
[White "korkmaz16"]
[Black "lacafi"]
[Result "1/2-1/2"]
[WhiteElo "2401"]
[BlackElo "2211"]
[TimeControl "180+1"]
[EndTime "11:30:22 PDT"]
[Termination "Game drawn by repetition"]

1. e4 c6 2. d4 d5 3. e5 Bf5 4. h4 h5 5. Ne2 e6 6. Ng3 Bg6 7. Be2 c5 8. c3 Nc6 9. Be3 Be7 10.
Bxh5 Bxh5 11. Nxh5 g6 12. Nf4 Rxh4 13. Rxh4 Bxh4 14. Qf3 cxd4 15. cxd4 Qb6 16. Nc3 Qxb2 17. Rc1 Nxd4 18. Qd1 Nc6 19. Nd3 Qa3 20. Bc5 Qa5 21.
Qd2 Be7 22. Bxe7 Ngxe7 23. Rb1 b6 24. Rb5 Qa3 25. Rb3 Qa5 26. Rb5 Qa6 27. a4 Rc8 28.
Qb2 Nd4 29. Nb4 Qb7 30. Ncxd5 Nxb5 31. Nf6+ Kf8 32. axb5 Nd5 33. Nbxd5 exd5 34. e6 Qe7 35. Nxd5 Qxe6+ 36. Ne3 Re8 37. Qb4+ Qe7 38. Qd4 f5 39. Qh8+ Kf7 40. Qh7+ Kf6 41. Qh4+ g5 42. Qh6+ Kf7 43. Qh7+ Ke6 44. Qxf5+ Kd6 45. Qd3+ Kc7 46. g3 Qe4 47. Qc3+ Kb7 48. Qg7+ Ka8 49. Qxg5 Rc8 50. Qd5+ Qxd5 51. Nxd5 Rc5 52. Ne3 Rxb5 53. g4 a5 54. f4 a4 55. f5 a3 56. Nc2 a2 57. f6 Rb2 58. f7 Rxc2 59. f8=Q+ Ka7 60. Qa3+ Kb7 61. Qe7+ Ka6 62. Qa3+ Kb7 63. Qe7+ Ka6 64. Qa3+ Kb7 1/2-1/2

[Event "*** Titled Tuesday Blitz"]
[Site "Chess.com"]
[Date "2021.04.06"]
[Round "8"]
[White "vlad_Sid"]
[Black "anon6121824"]
[Result "1/2-1/2"]
[WhiteElo "2617"]
[BlackElo "2779"]
[TimeControl "180+1"]
[EndTime "11:30:23 PDT"]
[Termination "Game drawn by repetition"]

1. c4 e5 2. g3 Nc6 3. Bg2 f5 4. Nc3 Nf6 5. e3 Be7 6. Nge2 O-O 7. O-O d6 8. Rb1 Qe8 9. d3 g5 10. f4 Qg6 11. Nd5 Nxd5 12. cxd5 Nd8 13. Qc2 c6 14. b3 cxd5 15. Bxd5+ Be6 16. Bxe6+ Nxe6 17. Qc4 Rac8 18. Qd5 Rc6 19. Ba3 Rf7 20. fxe5 Nc7 21. Qa5 dxe5 22. Bxe7 Rxe7 23. Rbc1 b6 24. Qxa7 f4 25.
Rxc6 Qxc6 26. Rc1 Qd6 27. Qb8+ Kg7 28. gxf4 exf4 29. Nd4 Qe5 30. Kg2 Kf7 31. Re1 Qd5+ 32. Kg1 Ne6 33. Nxe6 Qxe6 34. e4 Rd7 35. Qh8 Kg6 36. Qc8 f3 37. Qc2 Qg4+ 38. Kh1 Rxd3 39. e5 Kh5 40. e6 f2 41. Qxf2 Rd1 42. Qf7+ Kh6 43. Qf6+ Kh5 44. Qf7+ Kh6 45. Rxd1 Qxd1+ 46.
Kg2 Qe2+ 47. Kg3 Qe3+ 48. Kg2 Qe4+ 49. Kf2 Qd4+ 50. Ke2 Qe4+ 51. Kd2 Qd4+ 52. Kc2 Qe4+ 53. Kc3 Qe5+ 54. Kc4 Qc5+ 55. Kd3 Qd5+ 56. Kc3 Qe5+ 57. Kc2 Qe2+ 58. Kb1 Qd1+ 59. Kb2 Qe2+ 60. Kc3 Qe5+ 1/2-1/2

[Event "*** Titled Tuesday Blitz"]
[Site "Chess.com"]
[Date "2021.04.06"]
[Round "8"]
[White "1977Ivan"]
[Black "Legendinunknown"]
[Result "1-0"]
[WhiteElo "2764"]
[BlackElo "2604"]
[TimeControl "180+1"]
[EndTime "11:30:23 PDT"]
[Termination "1977Ivan won by checkmate"]

1. e4 e5 2. Nf3 Nc6 3. Bc4 Nf6 4. d3 Be7 5. O-O O-O 6. Re1 d6 7.
a4 Bg4 8. h3 Bh5 9. c3 Qd7 10.
Nbd2 h6 11. Nf1 a6 12. Ng3 Bg6 13. Nh4 Kh7 14. Ngf5 Ng8 15. Qg4 Rad8 16. b4 Bf6 17.
Be3 Nce7 18. Nxg6 fxg6 19. Nxe7 Qxg4 20. hxg4 Nxe7 21. g5 hxg5 22. Be6 d5 23. Bc5 b6 24. Bxe7 Bxe7 25. exd5 a5 26. bxa5 bxa5 27. g3 g4 28. Kg2 g5 29. Ra2 Bd6 30. Re4 Kg6 31. Rxg4 Bc5 32.
Rc4 Bb6 33. Rc6 Rd6 34. Rxd6 cxd6 35. Rb2 Bc5 36. f3 Kf6 37. g4 e4 38. fxe4 Ke5 39. d4+ Bxd4 40. cxd4+ Kxd4 41. Rb5 Kxe4 42. Rxa5 Rb8 43.
Ra7 Rb2+ 44. Kf1 Kf3 45. Ke1 Ke3 46. Kd1 Kd3 47. Kc1 Rc2+ 48. Kb1 Rc4 49. a5 Kd2 50. a6 Rb4+ 51. Ka2 Kc3 52. Ka3 Rb1 53. Rc7+ Kd4 54. a7 Ra1+ 55. Kb4 Ra6 56. Kb5 Ra1 57. Kc6 Ke5 58. Kb7 Rb1+ 59. Kc8 Ra1 60. Kb8 Kf6 61. a8=Q Rxa8+ 62. Kxa8 Kg6 63. Kb7 Kh6 64. Kc6 g6 65. Rc8 Kg7 66. Kxd6 Kf6 67. Kc5 Kg7 68. d6 Kh6 69. d7 Kg7 70. d8=Q Kh7 71. Qh8# 1-0

[Event "*** Titled Tuesday Blitz"]
[Site "Chess.com"]
[Date "2021.04.06"]
[Round "8"]
[White "Schack-Hugo"]
[Black "Ladislav1969"]
[Result "0-1"]
[WhiteElo "2209"]
[BlackElo "2347"]
[TimeControl "180+1"]
[EndTime "11:30:23 PDT"]
[Termination "Ladislav1969 won on time"]

1. e4 c5 2. Nf3 e6 3. d4 cxd4 4.
Nxd4 a6 5. Nc3 b5 6. Bd3 Bb7 7. O-O Qc7 8. a3 Nf6 9. Qe2 d6 10. Bg5 Nbd7 11. Nb3 Be7 12. f4 O-O 13. f5 Ne5 14. Qf2 Nfg4 15. Qh4 Bxg5 16. Qxg5 Qb6+ 17.
Kh1 Nf2+ 18. Rxf2 Qxf2 19. Rf1 f6 20. Qh5 Qe3 21. fxe6 Nxd3 22. cxd3 Qxd3 23. Rd1 Qc4 24. Nd4 Rae8 25. Nd5 g6 26. Qf3 Kg7 27. h4 f5 28.
h5 fxe4 29. h6+ Kxh6 30. Qe3+ Kg7 31. e7 Rf7 32. Ne6+ Kg8 33. Ndc7 Qc2 34. Rxd6 Qb1+ 35.
Kh2 Qxb2 36. Nxe8 Qe5+ 37. Qf4 Rxf4 38. Nxf4 Qxf4+ 39. g3 Qf2+ 40. Kh3 Qf1+ 41. Kh4 Qh1+ 42. Kg5 Qh5+ 43. Kf4 Qf5+ 44. Ke3 Qf3+ 45. Kd2 e3+ 46. Kc1 e2 47. Nf6+ Kg7 48. e8=Q Qc3+ 49. Kb1 e1=Q+ 50. Qxe1 Qxe1+ 51. Kc2 Qe2+ 52. Kb1 Qe1+ 53. Kc2 Qe2+ 54. Kb1 Qc4 55. Rd7+ Kxf6 56. Rxb7 Kg5 57. Rxh7 Qb3+ 58. Ka1 Qxa3+ 59. Kb1 Qb3+ 60. Ka1 a5 61. Ra7 a4 62. Ra5 a3 0-1

[Event "*** Titled Tuesday Blitz"]
[Site "Chess.com"]
[Date "2021.04.06"]
[Round "8"]
[White "babyking1205"]
[Black "Margency"]
[Result "1/2-1/2"]
[WhiteElo "2592"]
[BlackElo "2722"]
[TimeControl "180+1"]
[EndTime "11:30:24 PDT"]
[Termination "Game drawn by repetition"]

1. e4 c5 2. Nc3 d6 3. g3 Nc6 4.
Bg2 g6 5. Nh3 Bg7 6. O-O Nf6 7. f4 Bg4 8. Qe1 Nd4 9. Qf2 Nxc2 10. Rb1 O-O 11. d3 Nd4 12. Be3 Bd7 13. Bxd4 cxd4 14.
Qxd4 Ng4 15. Qb4 a5 16. Qb3 Ne3 17. Rfe1 Nxg2 18. Kxg2 b5 19. Ng5 b4 20. Nd5 e6 21.
Ne3 h6 22. Nf3 Rb8 23. d4 a4 24. Qd3 Bb5 25. Qd2 Qd7 26. f5 exf5 27. exf5 Ba6 28.
d5 Rfe8 29. fxg6 fxg6 30. Nd4 Bb7 31. Rbc1 Re4 32. Nc6 Rbe8 33. Qd3 Bxb2 34. Rc4 Rxc4 35. Qxc4 Bc3 36. Re2 Kh7 37. Kf1 Rf8+ 38. Rf2 Qh3+ 39. Ke2 Rxf2+ 40. Kxf2 Qxh2+ 41. Ng2 Qh5 42. Nf4 Qf5 43.
Qb5 Qc2+ 44. Kf3 Qd1+ 45. Kg2 Qc2+ 46. Kf3 Bc8 47. Ne7 Qd1+ 48. Kg2 Qd2+ 49. Kf3 Bf5 50.
Nxf5 gxf5 51. Qd7+ Bg7 52. Qxf5+ Kg8 53. Qe6+ Kh8 54.
Qxd6 Qc3+ 55. Kg4 b3 56. Qd8+ Kh7 57. Qd6 bxa2 58. Qg6+ Kg8 59. Qe6+ Kh8 60. Qe8+ Kh7 61. Qg6+ Kg8 62. Qe6+ Kh8 63. Qe8+ Kh7 64. Qg6+ 1/2-1/2

[Event "*** Titled Tuesday Blitz"]
[Site "Chess.com"]
[Date "2021.04.06"]
[Round "8"]
[White "JoliyRoger"]
[Black "m_ezat"]
[Result "0-1"]
[WhiteElo "2408"]
[BlackElo "2568"]
[TimeControl "180+1"]
[EndTime "11:30:26 PDT"]
[Termination "m_ezat won on time"]

1. d4 Nf6 2. c4 g6 3. Nc3 Bg7 4.
e4 d6 5. Nf3 O-O 6. h3 c5 7. d5 e6 8. Bd3 exd5 9. cxd5 b5 10.
Nxb5 Nxe4 11. Bxe4 Re8 12. Ng5 h6 13. Ne6 Qa5+ 14. Nc3 Bxc3+ 15. bxc3 Qxc3+ 16. Bd2 Qe5 17. O-O Bxe6 18. dxe6 Qxe4 19. Re1 Qd5 20. exf7+ Kxf7 21. Rxe8 Kxe8 22. Qg4 Qf5 23. Re1+ Kd7 24. Qh4 Nc6 25. Qxh6 Rf8 26. Be3 Ne5 27. Qh4 Qc2 28. Bxc5 Qxc5 29.
Qa4+ Ke7 30. Rf1 g5 31. Qe4 Rf7 32. Qb7+ Kf6 33. Qe4 Kg7 34. Qe2 Rf6 35. Rb1 Rf7 36. Rf1 Qd4 37. Rd1 Qb6 38. Qd2 Ng6 39. Rf1 Nf4 40. Kh2 Qc5 41. Rd1 Ng6 42. Kg1 Nh4 43. Rf1 Ng6 44. Kh2 Rf6 45. Kg1 Qe5 46. Qc2 Nf4 47.
Qc7+ Rf7 48. Qc6 Ne2+ 49. Kh1 Ng3+ 50. Kg1 Nxf1 51. Kxf1 a6 52. Qxa6 Qa1+ 53. Ke2 Qb2+ 54. Kd3 Qxf2 55. Qxd6 Qf1+ 56. Kc2 Rf2+ 57. Kb3 Qb5+ 58.
Kc3 Qb2+ 59. Kc4 Rc2+ 60. Kd3 Rd2+ 61. Ke4 Rxd6 0-1

[Event "*** Titled Tuesday Blitz"]
[Site "Chess.com"]
[Date "2021.04.06"]
[Round "8"]
[White "PolandHussars"]
[Black "AlexTriapishko"]
[Result "0-1"]
[WhiteElo "2618"]
[BlackElo "2822"]
[TimeControl "180+1"]
[EndTime "11:30:28 PDT"]
[Termination "AlexTriapishko won by checkmate"]

1. e4 c5 2. Ne2 Nc6 3. g3 g6 4. Bg2 Bg7 5. c3 e5 6. d3 Nge7 7. Be3 b6 8. d4 cxd4 9. cxd4 exd4 10. Nxd4 O-O 11. Nc3 Ba6 12. f4 Nb4 13. Kf2 Nd3+ 14. Kg1 Nxb2 15. Qb3 Nc4 16. Bf2 Nc6 17. Rd1 N4a5 18.
Nxc6 dxc6 19. Rxd8 Nxb3 20. Rxa8 Rxa8 21. e5 Na5 22. Ne4 Bc4 23. a3 Bd5 24. h4 h5 25.
Kh2 Nc4 26. a4 Nb2 27. Ra1 Nd3 28. Be3 Nb4 29. Rc1 c5 30. Rd1 Bc6 31. a5 Rb8 32.
Rd6 Ba8 33. e6 fxe6 34. Rxe6 Nd5 35. Bc1 c4 36. Rxg6 c3 37. f5 Ne7 38. Rxg7+ Kxg7 39. f6+ Kf7 40. fxe7 Bxe4 41. Bxe4 Kxe7 42. a6 Ke6 43. g4 Ke5 44. Bc2 hxg4 45. h5 b5 46. Kg3 Kd4 47. h6 b4 48. Bb3 Kd3 49. Kxg4 c2 50. h7 Rh8 51. Be6 Kc3 52. Bf5 b3 53. Bg5 Rxh7 54. Bxh7 b2 55. Bf6+ Kb3 56.
Bg8+ Ka3 57. Be7+ Ka4 58. Be6 c1=Q 59. Bd7+ Ka5 60. Bd8+ Kxa6 61. Bf5 Qc4+ 62. Kf3 Qb3+ 63. Kf4 b1=Q 64. Bxb1 Qxb1 65. Bg5 Qb7 66. Bf6 Kb5 67. Ke3 a6 68. Kd2 Qc6 69. Bd4 a5 70. Bc3 a4 71. Kc2 a3 72. Kb3 a2 73. Kxa2 Qxc3 74.
Kb1 Qd2 75. Ka1 Kb4 76. Kb1 Kb3 77. Ka1 Qd1# 0-1